 Dungeon Crawl Stone Soup version 0.25-a0-346-g140ab784a8 (webtiles) character file.

Game seed: 11519654674473635949, levelgen mode: deterministic

189 LordFoom the Conjurer (level 5, -5/38 HPs)
             Began as a Draconian Conjurer on Jan 1, 2020.
             Slain by an orc priest
             ... wielding a +0 flail
              (9 damage)
             ... on level 3 of the Dungeon.
             The game lasted 00:20:42 (3219 turns).

LordFoom the Conjurer (Draconian Conjurer)          Turns: 3219, Time: 00:20:42

Health: -5/38      AC:  5    Str: 10    XL:     5   Next: 40%
Magic:  8/8        EV: 12    Int: 16    God:
Gold:   243        SH:  0    Dex: 12    Spells: 5/8 levels left

rFire    . . .     SeeInvis .   t - +0 scimitar
rCold    . . .     Gourm    .   (no shield)
rNeg     . . .     Faith    .   (armour unavailable)
rPois    .         Spirit   .   (helmet restricted)
rElec    .         Reflect  .   (no cloak)
rCorr    .         Harm     .   (no gloves)
MR       .....                  (no boots)
Stlth    ++........             (no amulet)
HPRegen  0.12/turn              m - ring of wizardry
MPRegen  0.11/turn              (no ring)

@: very slightly contaminated
A: unfitting armour, cold-blooded, AC +5
a: no special abilities


You were on level 3 of the Dungeon.
You were not hungry.

You visited 1 branch of the dungeon, and saw 5 of its levels.

You collected 243 gold pieces.

Inventory:

Hand Weapons
 e - a +0 short sword
 f - a +0 whip
 j - a +0 flail
 t - a +0 scimitar (weapon)
Missiles
 d - 14 poisoned darts (quivered)
 g - 57 stones
 s - 6 boomerangs
Jewellery
 m - a ring of wizardry (left hand)
Wands
 u - a wand of iceblast (7)
Scrolls
 c - a scroll of teleportation {unknown}
 h - a scroll of amnesia {unknown}
 k - a scroll of magic mapping {unknown}
 l - a scroll of fog {unknown}
 q - 2 scrolls of enchant weapon {unknown}
 r - 2 scrolls of identify {unknown}
Potions
 i - a potion of curing
 n - a potion of heal wounds {unknown}
 p - a potion of lignification {unknown}
Comestibles
 b - 5 rations
 o - a chunk of flesh


   Skills:
 - Level 1.9 Dodging
 - Level 1.8 Stealth
 - Level 2.0 Spellcasting
 + Level 6.7 Conjurations


You had 5 spell levels left.
You knew the following spells:

 Your Spells              Type           Power        Failure   Level  Hunger
a - Magic Dart            Conj           ###.         1%          1    #......
b - Searing Ray           Conj           ###...       1%          2    ###....

Your spell library contained the following spells:

 Spells                   Type           Power        Failure   Level  Hunger
 Dazzling Flash           Conj/Hex       ##....       6%          3    ###....
 Fulminant Prism          Conj/Hex       ##........   21%         4    #####..
 Iskenderun's Mystic Bla  Conj/Tloc      ##......     21%         4    #####..


Dungeon Overview and Level Annotations

Branches:
Dungeon (5/15)             Temple (0/1) D:4

Altars:
Gozag
Hepliaklqana
Nemelex Xobeh
Yredelemnul

Annotations:
D:4 Pikel


Innate Abilities, Weirdness & Mutations

Your plain brown scales are hard. (AC +5)
You cannot fit into any form of body armour.
You are cold-blooded and may be slowed by cold attacks.


Message History

Blink to where?
Press: ? - help, Dir - move target cursor You are very lightly contaminated with residual magic.
As you read the scroll labeled GAWNONO GEQAENG, it crumbles to dust.
It was a scroll of blinking.
An ogre comes into view. It is wielding a +0 giant club.
The phantom blinks!
The orc priest mumbles some strange prayers to Beogh against you.
Beogh smites you!
* * * LOW HITPOINT WARNING * * *
Magic restored.
The orc priest looks braver for a moment.
You climb upwards.
There is a stone staircase leading down here.
It was a potion of curing.
You feel better.
The orc priest hits you with a +0 hand axe.
The orc priest hits you with a +0 flail!
* * * LOW HITPOINT WARNING * * *
The orc priest hits you with a +0 flail!
You die...

...#..)#....#......# #.##.#
...#.♣.#....#......# #.##.#
...#...#....#......# #....#
...###.#....'.#+#### #######
......♣.....#.#.# #.....#
#...........#.#.###### #.###.#
##.........##...#....# #.#....
###......##...o#..#.######.#.#..
####+###..#.o@................
#.....#####.#..######...#..
####### #.#.## #.###...<. #.#.#
#.......#. #...# #.#.......
##### #......... ####.##### #.#
###


You could see 2 orc priests.

Vanquished Creatures
  A worker ant (D:3)
  5 gnolls
  3 adders
  A worm (D:3)
  5 leopard geckos
  6 orcs
  8 bats
  2 giant cockroaches
  6 goblins
  10 hobgoblins
  2 jackals (D:4)
  2 quokkas (D:3)
  A ball python (D:1)
  8 frilled lizards
  8 kobolds
  13 rats
81 creatures vanquished.

Notes
Turn   | Place    | Note
-------+----------+-------------------------------------------
     0 | D:1      | LordFoom the Draconian Conjurer began the quest for the
                  | Orb.
     0 | D:1      | Reached XP level 1. HP: 14/14 MP: 3/3
   469 | D:2      | Reached XP level 2. HP: 20/20 MP: 3/5
   901 | D:1      | Reached skill level 5 in Conjurations
   901 | D:1      | Reached XP level 3. HP: 26/26 MP: 2/6
  1000 | D:1      | Learned a level 2 spell: Searing Ray
  1481 | D:2      | Found a hazy altar of Hepliaklqana.
  1481 | D:2      | Found a basalt altar of Yredelemnul.
  1835 | D:3      | Reached XP level 4. HP: 33/33 MP: 3/7
  2102 | D:3      | Reached skill level 6 in Conjurations
  2529 | D:3      | Reached XP level 5. HP: 38/38 MP: 3/8
  3117 | D:4      | Noticed a slave
  3118 | D:4      | Noticed Pikel
  3118 | D:4      | Noticed a slave
  3118 | D:4      | Noticed a slave
  3118 | D:4      | Noticed a slave
  3133 | D:4      | Found an opulent altar of Gozag.
  3184 | D:5      | Entered Level 5 of the Dungeon
  3184 | D:5      | Found a sparkling altar of Nemelex Xobeh.
  3202 | D:4      | Found a staircase to the Ecumenical Temple.
  3202 | D:4      | Noticed a phantom
  3212 | D:4      | Noticed an ogre
  3215 | D:4      | Noticed an ogre
  3219 | D:3      | Slain by an orc priest

Levels and vault maps discovered:
D:1:      onia_arrival_pyramid, layout_basic, minmay_box_of_dots
D:2:      layout_basic, amethyst_overflow_temple_binary
D:3:      layout_basic, kennysheep_potato
D:4:      layout_rooms, tgw_trog, nicolae_overflow_hidden_temple,
          minmay_temple_entry_statues_fountains, first_ration,
          minmay_misc_feat_tower, nicolae_gozag_cash_rules_everything_around_me,
          uniq_pikel
D:5:      layout_cave_pools, nemelex_xobeh_ov_fountains_minmay, serial_shops,
          shop, nicolae_shop_competitors_out_of_business,
          nicolae_shop_window_shopping, shop

Skill      XL: |  1  2  3  4 |
---------------+-------------+-----
Conjurations   | 5 6 |  6.7
Dodging        | |  1.9
Stealth        | |  1.8
Spellcasting   | |  2.0

Action                   |  1- 3 |  4- 6 || total
-------------------------+-------+-------++-------
Melee: Unarmed           |     2 |       ||     2
       Short sword       |    22 |    13 ||    35
       Tailslap          |     2 |     4 ||     6
       Scimitar          |       |    12 ||    12
Throw: Throwing net      |     2 |       ||     2
       Dart              |       |     6 ||     6
 Cast: Magic Dart        |    78 |    66 ||   144
       Searing Ray       |     1 |     2 ||     3
  Use: Scroll            |       |     1 ||     1
       Potion            |       |     1 ||     1
 Stab: Sleeping          |       |     1 ||     1
  Eat: Chunk             |     4 |     6 ||    10
Armor: Skin              |    14 |    12 ||    26
Dodge: Dodged            |    26 |    24 ||    50
       Rpst.: Scimitar   |       |     3 ||     3

Table legend:
 A = Non-vault XP
 B = Vault XP
 C = Vault XP percentage of total XP
 D = Non-vault monster count
 E = Vault monster count
 F = Vault count percentage of total count
                 A         B        C        D         E       F
            +---------+---------+-------+---------+---------+-------
      Total |     259 |      11 |   4.1 |      75 |       6 |   7.4
            +---------+---------+-------+---------+---------+-------
        D:1 |      47 |       6 |  11.3 |      22 |       4 |  15.4
        D:2 |     100 |       0 |   0.0 |      26 |       0 |   0.0
        D:3 |     102 |       5 |   4.7 |      23 |       2 |   8.0
        D:4 |      10 |       0 |   0.0 |       4 |       0 |   0.0
            +---------+---------+-------+---------+---------+-------
